 Dungeon Crawl Stone Soup version 0.22.1-2-g9c5b331 (webtiles) character file.

1921 empire the Carver (level 8, -3/71 HPs)
             Began as a Minotaur Fighter on Nov 13, 2018.
             Slain by Edmund
             ... wielding a +1 flail of draining
              (10 damage)
             ... on level 5 of the Dungeon.
             The game lasted 00:07:22 (3657 turns).

empire the Carver (Minotaur Fighter)                Turns: 3657, Time: 00:07:22

Health: -3/71      AC:  7    Str: 27    XL:     8   Next: 96%
Magic:  7/7        EV:  8    Int:  5    God:
Gold:   223        SH:  9    Dex: 11    Spells: 7/7 levels left

rFire    . . .     SeeInvis .   a - +0 long sword
rCold    . . .     Gourm    .   c - +0 shield
rNeg     . . .     Faith    .   b - +0 scale mail
rPois    .         Spirit   .   (helmet restricted)
rElec    .         Reflect  .   r - +0 cloak
rCorr    .         Harm     .   (no gloves)
MR       .....                  (no boots)
Stlth    ..........             (no amulet)
HPRegen  0.21/turn              (no ring)
MPRegen  0.10/turn              (no ring)

@: mighty, very slightly contaminated, very heavily drained
A: retaliatory headbutt, horns 2
a: no special abilities


You were on level 5 of the Dungeon.
You were near starving.

You visited 1 branch of the dungeon, and saw 5 of its levels.

You collected 223 gold pieces.

Inventory:

Hand Weapons
 a - a +0 long sword (weapon)
Missiles
 x - 2 exploding tomahawks (quivered)
Armour
 b - a +0 scale mail (worn)
 c - a +0 shield (worn)
 r - a +0 cloak (worn)
Jewellery
 e - an uncursed ring of magical power
 y - an uncursed amulet of the gourmand
Scrolls
 h - 2 scrolls of identify
 j - 5 scrolls of remove curse
 l - a scroll of noise {unknown}
 n - a scroll of fog {unknown}
 o - a scroll of enchant armour {unknown}
 s - 2 scrolls of enchant weapon {unknown}
Potions
 d - 2 potions of might
 g - a potion of lignification {unknown}
 i - a potion of brilliance {unknown}
 m - 2 potions of flight
 p - a potion of experience {unknown}
 q - a potion of mutation {unknown}
 t - a potion of agility {unknown}
 u - a potion of haste
 v - a potion of berserk rage {unknown}
 z - a potion of magic {unknown}
 A - a potion of curing
Comestibles
 f - 5 rations


   Skills:
 + Level 6.7(2.6) Fighting
 * Level 8.4(4.1) Long Blades
 + Level 6.7(2.6) Armour
 + Level 4.8(0.9) Dodging
 + Level 6.8(2.7) Shields


You had 7 spell levels left.
You didn't know any spells.
Your spell library was empty.

Dungeon Overview and Level Annotations

Branches:
Dungeon (5/15)
 Temple: D:4-7

Altars:
Dithmenos
Ru

Annotations:
D:5 Edmund


Innate Abilities, Weirdness & Mutations

You reflexively headbutt those who attack you in melee.
You have a pair of horns on your head.


Message History

You closely miss the crimson imp.
The crimson imp is lightly wounded.
You slash the crimson imp! Your headbutt misses the crimson imp.
The crimson imp is almost dead.
You block the crimson imp's attack.
Edmund hits you with a flail of draining.
* * * LOW HITPOINT WARNING * * *
You feel drained.
* * * LOW HITPOINT WARNING * * *
You slice the crimson imp!!
You kill the crimson imp!
Edmund hits you with a flail of draining.
* * * LOW HITPOINT WARNING * * *
You feel drained.
* * * LOW HITPOINT WARNING * * *
Unknown command.
You hit Edmund but do no damage. You headbutt Edmund.
Edmund is severely wounded.
Edmund hits you with a flail of draining!
You die...

*,,,,,,,,,*#..............
*,*****##.###.............
*,* **............#......
*,* **,,#.......####.#####
*,***,,*#.......# #.# #
*,**,,**#.......# ##.#####
*,*,,**,#[......###.......
*,,,**,,#.?...............
*,,**∩,,+@@...............
**,,**,,#....##..#........
**,,**,#..#....######...#
**,,**#.##..### #....
**,,*#.##.## *#....
**,,#.#..# *..##.
**,..#.## #...*. **###.*
*#.#.*# ***,* *,,*,*


You could see Edmund.

Vanquished Creatures
  Pikel (D:4)
  Grinder (D:3)
  4 slaves (D:4)
  A phantom (D:4)
  8 big kobolds (D:3)
  Blork the orc (D:4)
  A water moccasin skeleton (D:4)
  2 scorpions
  2 howler monkeys (D:4)
  A crimson imp (D:5)
  Jessica (D:3)
  A worker ant (D:5)
  An orc wizard (D:3)
  A gnoll (D:3)
  A howler monkey skeleton (D:4)
  5 adders
  An ooze (D:1)
  2 worms
  A dart slug (D:3)
  2 leopard geckos
  13 orcs (D:3)
  2 ball pythons
  4 bats
  2 giant cockroaches
  5 goblins (D:1)
  7 hobgoblins
  8 jackals
  50 kobolds
  A quokka (D:4)
  5 frilled lizards
  7 rats
  A fungus (D:3)
143 creatures vanquished.

Notes
Turn   | Place    | Note
-------+----------+-------------------------------------------
     0 | D:1      | empire the Minotaur Fighter began the quest for the Orb.
     0 | D:1      | Reached XP level 1. HP: 19/19 MP: 0/0
   119 | D:1      | Reached XP level 2. HP: 26/27 MP: 1/1
   467 | D:1      | Reached skill level 3 in Long Blades
   670 | D:2      | Reached XP level 3. HP: 26/33 MP: 2/2
   725 | D:2      | Reached skill level 1 in Dodging
  1370 | D:3      | Noticed Grinder
  1380 | D:3      | Killed Grinder
  1380 | D:3      | Reached skill level 4 in Long Blades
  1380 | D:3      | Reached XP level 4. HP: 27/41 MP: 3/3
  1380 | D:3      | Reached XP level 5. HP: 31/47 MP: 4/4
  1501 | D:3      | Reached XP level 6. HP: 45/53 MP: 5/5
  1563 | D:3      | Reached skill level 5 in Long Blades
  1572 | D:3      | Reached skill level 5 in Shields
  1591 | D:3      | Reached skill level 5 in Fighting
  1675 | D:3      | Reached skill level 5 in Armour
  1675 | D:3      | Reached XP level 7. HP: 54/61 MP: 6/6
  2158 | D:3      | Noticed Jessica
  2164 | D:3      | Killed Jessica
  2176 | D:3      | Found a sacrificial altar of Ru.
  2393 | D:3      | Reached skill level 6 in Long Blades
  2632 | D:4      | Reached XP level 8. HP: 70/70 MP: 7/7
  2639 | D:4      | Reached skill level 7 in Long Blades
  2771 | D:4      | Noticed Blork the orc
  2781 | D:4      | Killed Blork the orc
  2875 | D:4      | Noticed Pikel
  2953 | D:4      | Killed Pikel
  2953 | D:4      | Reached skill level 8 in Long Blades
  3596 | D:5      | Entered Level 5 of the Dungeon
  3596 | D:5      | Found a shadowy altar of Dithmenos.
  3596 | D:5      | Noticed Edmund
  3657 | D:5      | Slain by Edmund

Skill      XL: |  1  2  3  4  5  6  7  8 |
---------------+-------------------------+-----
Long Blades    | 3 4 5 6 8 |  8.4
Dodging        | 2 3 4 |  4.8
Shields        | 4 5 6 |  6.8
Fighting       | 4 5 6 |  6.7
Armour         | 4 5 6 |  6.7

Action                   |  1- 3 |  4- 6 |  7- 9 || total
-------------------------+-------+-------+-------++-------
Melee: Long sword        |    83 |    86 |   245 ||   414
       Headbutt          |    10 |    16 |    62 ||    88
  Use: Potion            |       |       |     5 ||     5
       Scroll            |       |       |     4 ||     4
 Stab: Invisible         |       |       |     1 ||     1
  Eat: Chunk             |     1 |     2 |     5 ||     8
Armor: Scale mail        |    38 |    50 |    75 ||   163
Dodge: Dodged            |    29 |    61 |    79 ||   169
Block: Shield            |    31 |    60 |   111 ||   202
       Rpst.: Long sword |     5 |    18 |    31 ||    54
